 Dungeon Crawl Stone Soup version 0.28.0-43-g3370ac3207 (webtiles) character file.

Game seed: 7425313355198333691

4862 boopmooplesden the Carver (level 10, -7/139 HPs)
             Began as a Minotaur Berserker on Mar 22, 2022.
             Was an Elder of Trog.
             Mangled by a two-headed ogre
             ... wielding a +0 giant spiked club
              (23 damage)
             ... on level 9 of the Dungeon.
             The game lasted 00:08:18 (8730 turns).

boopmooplesden the Carver (Minotaur Berserker)      Turns: 8730, Time: 00:08:18

Health: -7/139     AC: 15    Str: 23    XL:     10   Next: 26%
Magic:  9/9        EV:  8    Int:  6    God:    Trog [****..]
Gold:   290        SH:  0    Dex: 11    Spells: 9/9 levels left

rFire   . . .      SeeInvis .   d - +2 long sword
rCold   + . .      Faith    .   (no shield)
rNeg    . . .      Spirit   .   a - +1 plate armour
rPois   .          Reflect  .   (helmet restricted)
rElec   .          Harm     .   (no cloak)
rCorr   +          Rampage  .   (no gloves)
Will    .....                   (no boots)
Stlth   ..........              (no amulet)
HPRegen 0.33/turn               s - ring of resist corrosion
MPRegen 0.11/turn               u - ring of protection from cold

@: berserking (expiring), very quick
A: horns 2, retaliatory headbutt
a: Renounce Religion, Berserk, Trog's Hand, Brothers in Arms


You were on level 9 of the Dungeon.
You worshipped Trog.
Trog was greatly pleased with you.
You visited 1 branch of the dungeon, and saw 9 of its levels.

You collected 290 gold pieces.

Inventory:

Hand Weapons
 d - a +2 long sword (weapon)
Missiles
 o - 6 javelins (quivered)
Armour
 a - a +1 plate armour (worn)
 b - a +0 animal skin
 c - a +0 leather armour
Jewellery
 f - a ring of magical power
 s - a ring of resist corrosion (left hand)
 u - a ring of protection from cold (right hand)
 w - an amulet of magic regeneration
 x - a ring of ice
 A - an amulet of guardian spirit
Wands
 p - a wand of mindburst (19)
 t - a wand of flame (27)
 y - a wand of iceblast (20)
 B - a wand of polymorph (7)
Scrolls
 e - 2 scrolls of amnesia
 h - 4 scrolls of teleportation
 k - a scroll of blinking
 n - a scroll of magic mapping
 r - 2 scrolls of fear
 D - a scroll of holy word
Potions
 g - 2 potions of curing
 i - a potion of flight {unknown}
 j - a potion of might
 l - 2 potions of brilliance
 m - a potion of invisibility
 q - a potion of haste {unknown}
 v - 4 potions of mutation
 C - a potion of heal wounds {unknown}


   Skills:
 + Level 9.9 Fighting
 + Level 12.5 Long Blades
 + Level 9.6 Armour
 + Level 3.3 Dodging
 + Level 1.0 Stealth


You had 9 spell levels left.
You didn't know any spells.
Your spell library was empty.

Dungeon Overview and Level Annotations

Branches:
Dungeon (9/15)             Temple (0/1) D:7            Lair (0/6) D:9
    Orc (0/2) D:9

Altars:
Ashenzari
Trog

Shops:
D:2 !   D:6 !   D:7 (


Innate Abilities, Weirdness & Mutations

You have a pair of horns on your head.
You reflexively headbutt those who attack you in melee.


Message History

The orc wizard gestures wildly while chanting.
The orc wizard flickers and vanishes!
Deactivating autopickup; reactivate with Ctrl-A.
You slice the orc priest!!
You kill the orc priest!
Trog accepts your kill.
A gnoll comes into view. It is wielding a +0 club.
The gnoll shouts!
Something hits you but does no damage.
The two-headed ogre hits you with a +0 giant spiked club!!
The two-headed ogre barely misses you.
You see here a +0 club.
You feel a strong urge to attack something.
You slash something! Your headbutt misses something. You slash something!
Trog accepts your kill.
Trog appreciates your killing of a magic user.
Reactivating autopickup.
You feel a bit more experienced.
The gnoll shouts!
The warg bites you.
The gnoll sergeant hits you but does no damage.
The two-headed ogre hits you with a +0 giant spiked club!
* * * LOW HITPOINT WARNING * * *
The two-headed ogre hits you with a +0 giant club.
* * * LOW HITPOINT WARNING * * *
The gnoll barely misses you.
Things that are here:
a +0 dagger; a +0 robe; a +0 club You completely miss the two-headed ogre.
You headbutt the two-headed ogre, but do no damage.
A gnoll comes into view. It is wielding a +0 spear.
The warg bites you!
* * * LOW HITPOINT WARNING * * *
The gnoll sergeant hits you but does no damage.
The gnoll shouts!
You slash the two-headed ogre!
The two-headed ogre is moderately wounded.
The two-headed ogre hits you with a +0 giant spiked club!!
You die...

##. ...
####.###.
#.........
#####..?......
#..@O.g.......
#.##hg........
#. #gg.....>..
#. ##....g....
#. #........$
.. #.....g...
## #........g
#####.....
.....


You could see a two-headed ogre, a warg, a gnoll sergeant and 5 gnolls.

Vanquished Creatures
  A two-headed ogre (D:9)
  Prince Ribbit (D:8)
  Sigmund (D:2)
  A wyvern (D:7)
  A vampire (D:7)
  A steam dragon (D:7)
  Grum (D:8)
  An acid dragon (D:9)
  A water moccasin (D:7)
  4 orc warriors
  2 black bears
  An ice beast (D:7)
  A necrophage (D:5)
  2 ogres
  3 wolves (D:8)
  3 centaurs
  A kobold brigand (D:8)
  A phantom (D:7)
  6 bullfrogs
  A gnoll sergeant (D:7)
  2 scorpions
  4 howler monkeys
  3 centaur zombies
  2 gnoll shamans
  4 orc priests
  A hound (D:3)
  Terence (D:2)
  5 iguanas
  5 orc wizards
  A killer bee zombie (D:6)
  A howler monkey skeleton (D:6)
  8 gnolls
  5 adders
  3 white imps
  2 ufetubi
  2 worms
  2 dart slugs
  25 orcs
  7 bats
  4 endoplasms
  3 giant cockroaches
  6 hobgoblins
  9 kobolds
  2 quokkas
  5 ball pythons
  3 frilled lizards
  7 goblins
  5 rats
161 creatures vanquished.

Vanquished Creatures (others)
  An iguana (D:7)
  7 fungi (D:6)
8 creatures vanquished.

Grand Total: 169 creatures vanquished

Notes
Turn   | Place    | Note
-------+----------+-------------------------------------------
     0 | D:1      | boopmooplesden the Minotaur Berserker began the quest for
                  | the Orb.
     0 | D:1      | Reached XP level 1. HP: 19/19 MP: 0/0
   597 | D:1      | Reached XP level 2. HP: 26/27 MP: 1/1
  1147 | D:2      | Reached skill level 4 in Long Blades
  1244 | D:2      | Noticed Terence
  1257 | D:2      | Killed Terence
  1258 | D:2      | Reached XP level 3. HP: 32/33 MP: 2/2
  1406 | D:2      | Found Huis's Distillery.
  1465 | D:2      | Reached XP level 4. HP: 41/41 MP: 3/3
  1595 | D:2      | Reached ** piety under Trog
  1613 | D:2      | Noticed Sigmund
  1620 | D:2      | Killed Sigmund
  1621 | D:2      | Reached skill level 5 in Fighting
  1621 | D:2      | Reached skill level 5 in Long Blades
  1621 | D:2      | Reached XP level 5. HP: 48/48 MP: 4/4
  1652 | D:2      | Found a bloodstained altar of Trog.
  1942 | D:3      | Reached XP level 6. HP: 51/56 MP: 5/5
  2160 | D:3      | Reached skill level 6 in Long Blades
  3123 | D:4      | Reached XP level 7. HP: 58/63 MP: 6/6
  3360 | D:4      | Reached skill level 7 in Long Blades
  3360 | D:4      | Reached skill level 5 in Armour
  3494 | D:5      | Entered Level 5 of the Dungeon
  3674 | D:5      | Reached *** piety under Trog
  3855 | D:5      | Reached skill level 8 in Long Blades
  4269 | D:5      | Reached XP level 8. HP: 54/71 MP: 7/7
  4768 | D:6      | Found Hawyita's Distillery.
  4945 | D:6      | Reached skill level 9 in Long Blades
  5676 | D:7      | Reached skill level 10 in Long Blades
  5761 | D:7      | Reached XP level 9. HP: 30/81 MP: 8/8
  6253 | D:7      | Reached skill level 11 in Long Blades
  6401 | D:7      | Found Dusyaress's Weapon Boutique.
  6427 | D:7      | Reached **** piety under Trog
  6807 | D:7      | Found a staircase to the Ecumenical Temple.
  7316 | D:8      | Noticed Prince Ribbit
  7322 | D:8      | Killed Prince Ribbit
  7323 | D:8      | Reached skill level 1 in Stealth
  7429 | D:8      | Reached skill level 12 in Long Blades
  8027 | D:8      | Noticed Grum
  8038 | D:8      | Reached XP level 10. HP: 69/92 MP: 9/9
  8044 | D:8      | Killed Grum
  8259 | D:8      | Found a broken altar of Ashenzari.
  8496 | D:9      | Found a staircase to the Lair.
  8496 | D:9      | Noticed a two-headed ogre
  8502 | D:9      | Killed a two-headed ogre
  8704 | D:9      | Noticed a five-headed hydra
  8712 | D:9      | Found a staircase to the Orcish Mines.
  8712 | D:9      | Noticed a two-headed ogre
  8730 | D:9      | Mangled by a two-headed ogre

Illustrated notes

Levels and vault maps discovered:
D:1:      enne_arrival_octagon_isle, layout_loops_corners
D:2:      cheibrodos_helix_gallery, layout_rooms, basic_altar, serial_shops,
          shop, chequers_serial_rivers_micro_a, uniq_terence, uniq_sigmund
D:3:      layout_basic, serial_rivers, chequers_serial_rivers_micro_b,
          chequers_serial_rivers_room_b, chequers_serial_rivers_small_3,
          chequers_serial_rivers_room_a, chequers_serial_rivers_micro_c,
          chequers_serial_rivers_room_a, minmay_misc_feat_ornament,
          grunt_decor_junction, kennysheep_another_room
D:4:      layout_rooms, kennysheep_cross_bottleneck
D:5:      layout_layer_cave, hellmonk_bongcloud_opening
D:6:      layout_loops_ring, serial_aquarium, aquarium_bridge_square
          [aquarium_subvault_wall, aquarium_subvault_bridge,
          aquarium_subvault_window, aquarium_subvault_window],
          aquarium_window_corner, aquarium_window_2, aquarium_window_2,
          aquarium_window_fake, aquarium_view_2c, serial_shops,
          nicolae_lakefront_shop
D:7:      minmay_skewed_foursquare, layout_loops_cross,
          minmay_temple_entry_offerings, serial_shops,
          nicolae_shop_bloodbath_and_beyond
D:8:      layout_loops_corners, kennysheep_little_box, uniq_grum,
          uniq_prince_ribbit1
D:9:      layout_loops_ring, dpeg_oklobed_lair, david_orc_3,
          hangedman_decor_opposing, uniq_pikel

Skill      XL: |  1  2  3  4  5  6  7  8  9 10 |
---------------+-------------------------------+-----
Fighting       | 4 5 6 8 9 |  9.9
Long Blades    | 4 5 6 8 10 12 | 12.5
Armour         | 3 4 6 7 8 9 |  9.6
Dodging        | 3 |  3.3
Stealth        | 1 |  1.0

Action                   |  1- 3 |  4- 6 |  7- 9 | 10-12 || total
-------------------------+-------+-------+-------+-------++-------
Melee: Falchion          |    11 |       |       |       ||    11
       Long sword        |    34 |    69 |   270 |    21 ||   394
       Headbutt          |     5 |     7 |    60 |     2 ||    74
       Punch             |       |       |     4 |       ||     4
Invok: Berserk           |     1 |     3 |     7 |     3 ||    14
  Use: Scroll            |     4 |     3 |    11 |     2 ||    20
Armor: Plate armour      |    30 |    45 |   183 |    12 ||   270
       Animal skin       |     6 |       |       |       ||     6
Dodge: Dodged            |    24 |    29 |   102 |    10 ||   165
